 Dungeon Crawl Stone Soup version 0.31-a0-851-g7ff8af7976 (webtiles) character file.

Game seed: 18371219675683650917

3490 Darius099 the Severer (level 9, -3/71 HPs)
             Began as a Minotaur Fighter on Oct 7, 2023.
             Was a Believer of Okawaru.
             Slain by an orc warlord
             ... wielding a +3 broad axe
              (27 damage)
             ... in a bailey.
             The game lasted 00:28:11 (6520 turns).

Darius099 the Severer (Minotaur Fighter)            Turns: 6520, Time: 00:28:12

Health: -3/71      AC: 15    Str: 25    XL:     9   Next: 80%
Magic:  6/8        EV: 10    Int:  5    God:    Okawaru [**....]
Gold:   335        SH:  6    Dex: 10    Spells: 8/8 levels left

rFire   + . .        D - +0 broad axe
rCold   . . .        c - +0 buckler
rNeg    . . .        a - +3 chain mail
rPois   .            (helmet restricted)
rElec   .            (no cloak)
rCorr   .            (no gloves)
SInv    .            e - +0 pair of boots
Will    .....        (no amulet) Stlth
                     b - ring of protection from fire
HPRegen 0.31/turn    (no ring)
MPRegen 0.11/turn

%: no passive effects
@: mighty, heroic
A: horns 2, retaliatory headbutt
a: Renounce Religion, Heroism


You were in a bailey.
You worshipped Okawaru.
Okawaru was pleased with you.
You visited 2 branches of the dungeon, and saw 8 of its levels.
You also visited: Ossuary and Bailey.

You collected 335 gold pieces.

Inventory:

Hand Weapons
 r - a +0 whip of flaming
 D - a +0 broad axe (weapon)
Missiles
 n - 6 atropa-tipped darts
Armour
 a - a +3 chain mail (worn)
 c - a +0 buckler (worn)
 e - a +0 pair of boots (worn)
Jewellery
 b - a ring of protection from fire (left hand)
 m - an amulet of faith
Wands
 p - a wand of polymorph (8)
 y - a wand of iceblast (10)
Scrolls
 g - a scroll of vulnerability {unknown}
 h - a scroll of summoning {unknown}
 i - 4 scrolls of teleportation {unknown}
 j - 9 scrolls of identify {unknown}
 k - 2 scrolls of revelation {unknown}
 l - a scroll of brand weapon {unknown}
 q - a scroll of poison {unknown}
 s - a scroll of acquirement {unknown}
 z - a scroll of noise {unknown}
 A - a scroll of enchant weapon {unknown}
 B - 2 scrolls of amnesia {unknown}
 G - 2 scrolls of fog {unknown}
Potions
 d - a potion of might
 f - 2 potions of resistance {unknown}
 o - 3 potions of curing
 t - 2 potions of brilliance
 u - 2 potions of degeneration {unknown}
 v - a potion of berserk rage {unknown}
 w - a potion of mutation {unknown}
 x - a potion of attraction {unknown}
 C - a potion of enlightenment {unknown}
 E - a potion of cancellation {unknown}
 F - 4 potions of haste {unknown}


   Skills:
 - Level 3.7(8.7) Fighting
 + Level 16.3(21.3) Axes
 - Level 3.7(8.7) Armour
 - Level 3.7(8.7) Shields


You had 8 spell levels left.
You didn't know any spells.
Your spell library contained the following spells:

 Spells                   Type           Power      Damage    Failure   Level
 Apportation              Tloc           0%         N/A       95%         1
 Freeze                   Ice            0%         1d3       95%         1
 Magic Dart               Conj           0%         1d3       95%         1
 Necrotise                Necr           0%         1d4       95%         1
 Lesser Beckoning         Tloc           0%         N/A       98%         2
 Searing Ray              Conj           0%         2d4       98%         2
 Frozen Ramparts          Ice            0%         1d1       100%        3
 Gell's Gravitas          Tloc           0%         N/A       100%        3
 Hailstorm                Conj/Ice       0%         3d3       100%        3
 Teleport Other           Tloc           0%         N/A       100%        3
 Fulminant Prism          Conj/Hex       0%         3d5       100%        4
 Petrify                  Tmut/Erth      0%         N/A       100%        4
 Metabolic Englaciation   Hex/Ice        0%         N/A       100%        5
 Summon Small Mammal      Summ           Unusable   N/A       N/A         1

Dungeon Overview and Level Annotations

Branches:
Dungeon (7/15)             Temple (1/1) D:5         Ossuary (visited)
 Bailey (1/1)

Altars:
Ashenzari
Cheibriados
Dithmenos
Elyvilon
Fedhas
Hepliaklqana
Kikubaaqudgha
Makhleb
Nemelex Xobeh
Okawaru
Qazlal
Ru
Sif Muna
Trog
Vehumet
Wu Jian
Xom
Zin
The Shining One

Shops:
D:2 :[[   D:5 [


Innate Abilities, Weirdness & Mutations

You have a pair of horns on your head.
You reflexively headbutt those who attack you in melee.


Message History

The orc warlord roars a battlecry!
The goblin hits you but does no damage.
You hit the goblin.
You kill the goblin!
Okawaru accepts your kill.
An orc and an orc warrior come into view.
The orc warrior shouts!
An orc warrior comes into view. It is wielding a +0 war axe.
Items here: $ ) = [.
You barely miss the goblin.
The orc warrior shouts!
Your headbutt misses the goblin. The goblin barely misses you.
You furiously retaliate!
You headbutt the goblin.
You kill the goblin!
Okawaru accepts your kill. You block the hobgoblin's attack.
The gnoll hits you but does no damage.
There is an open door here.
Items here: $ ) [ †.
You barely miss the gnoll. You slash the hobgoblin!
You kill the hobgoblin!
Okawaru accepts your kill. The gnoll hits you with a +0 hand axe.
Items here: $ ) = [.
You feel very mighty all of a sudden.
The orc warlord hits you with a +3 broad axe!
Okay, then.
You slash the orc warlord!
The orc warlord is lightly wounded.
The orc warlord hits you with a +3 broad axe!
You hit the orc warlord.
The orc warlord is moderately wounded.
The orc warlord hits you but does no damage.
You barely miss the orc warlord. Your headbutt misses the orc warlord.
The orc warlord is moderately wounded.
The orc warlord hits you with a +3 broad axe!!
You barely miss the orc warlord. Your headbutt misses the orc warlord.
The orc warlord is lightly wounded.
You gain the combat prowess of a mighty hero.
The orc warlord hits you with a +3 broad axe!!
You die...

#.......# ##.......##
#......)..#
##.........##
#######.....⌠.....#
##.....##.........##..
#.......'.........'....
##.[....)##.......##....
#...))....#..@....# ....
##....)....##88o88## ...
#.....⌠.....###g### .⌠
##.........###oo.#
#.........#...o...
##.......##.......#
#..))...#.........#
##)))..##.........#
##'####...........


You could see an orc warlord, an orc warrior (strong), a gnoll and an orc
(strong).

Vanquished Creatures
  Pikel (D:5)
  Prince Ribbit (D:7)
  2 wraiths (Ossuary)
  9 orc warriors
  3 sky beasts
  An ice beast (D:6)
  A black bear (D:5)
  2 bullfrogs
  2 scorpions
  6 wights
  A howler monkey (D:4)
  A gnoll bouda (D:6)
  4 orc priests
  4 hounds
  Jessica (D:2)
  2 iguanas
  2 orc wizards
  Robin (D:2)
  7 gnolls
  3 adders
  A white imp (D:4)
  2 adder zombies (Ossuary)
  A worm (D:3)
  7 dart slugs
  22 orcs
  6 ball pythons
  6 endoplasms
  7 giant cockroaches
  23 goblins
  14 hobgoblins
  3 kobolds
  4 quokkas
  6 bats
  2 frilled lizards
  2 hobgoblin skeletons (Ossuary)
  4 hobgoblin zombies (Ossuary)
  An orc zombie (Ossuary)
  6 rats
171 creatures vanquished.

Notes
Turn   | Place    | Note
-------+----------+-------------------------------------------
     0 | D:1      | Darius099 the Minotaur Fighter began the quest for the Orb.
     0 | D:1      | Reached XP level 1. HP: 19/19 MP: 0/0
    47 | D:1      | Reached skill level 3 in Axes
    47 | D:1      | Reached XP level 2. HP: 24/27 MP: 1/1
   117 | D:1      | Found a faded altar of an unknown god.
   576 | D:2      | Reached XP level 3. HP: 29/33 MP: 2/2
   577 | D:2      | Reached skill level 4 in Axes
   578 | D:2      | Noticed Robin
   599 | D:2      | Killed Robin
   789 | D:2      | Found Feide's Antique Armour Shoppe.
  1033 | D:2      | Found Geonoph's Book Emporium.
  1142 | D:2      | Noticed Jessica
  1146 | D:2      | Killed Jessica
  1147 | D:2      | Reached skill level 5 in Axes
  1147 | D:2      | Reached XP level 4. HP: 40/40 MP: 3/3
  1161 | D:2      | Found Jonuycufe's Antique Armour Boutique.
  1600 | D:3      | Reached skill level 6 in Axes
  1603 | D:3      | Reached XP level 5. HP: 46/46 MP: 4/4
  2473 | D:4      | Reached skill level 7 in Axes
  2662 | D:4      | Reached XP level 6. HP: 44/52 MP: 5/5
  2816 | D:4      | Reached skill level 8 in Axes
  3320 | D:5      | Entered Level 5 of the Dungeon
  3327 | D:5      | Found Cofibapt's Antique Armour Shop.
  3360 | D:5      | Noticed Pikel
  3372 | D:5      | Killed Pikel
  3373 | D:5      | Reached skill level 10 in Axes
  3373 | D:5      | Reached XP level 7. HP: 50/58 MP: 6/6
  3520 | D:5      | Found a sand-covered staircase.
  3536 | Ossuary  | Entered an ossuary
  3617 | Ossuary  | Reached skill level 11 in Axes
  3637 | Ossuary  | Noticed a flying skull
  3637 | Ossuary  | Noticed a wraith
  3644 | Ossuary  | Noticed a flying skull
  3646 | Ossuary  | Noticed a flying skull
  3654 | Ossuary  | Reached XP level 8. HP: 63/66 MP: 7/7
  3688 | Ossuary  | Noticed a flying skull
  3750 | Ossuary  | Reached skill level 12 in Axes
  3796 | Ossuary  | Noticed a flying skull
  3890 | D:5      | HP: 3/66 [poisoned by an orc]
  3892 | D:5      | HP: 1/66 [poisoned by an orc]
  4251 | D:5      | Found a staircase to the Ecumenical Temple.
  4260 | Temple   | Entered the Ecumenical Temple
  4272 | Temple   | Became a worshipper of Warmaster Okawaru
  4748 | D:6      | Reached skill level 13 in Axes
  4929 | D:6      | Found a blossoming altar of Fedhas.
  5622 | D:7      | Noticed Prince Ribbit
  5645 | D:7      | Killed Prince Ribbit
  5645 | D:7      | Reached * piety under Okawaru
  5646 | D:7      | Reached skill level 14 in Axes
  5646 | D:7      | Reached XP level 9. HP: 44/71 MP: 8/8
  6065 | D:7      | Reached skill level 15 in Axes
  6096 | D:7      | Found a flagged portal.
  6117 | Bailey   | Entered a bailey
  6267 | Bailey   | Reached ** piety under Okawaru
  6278 | Bailey   | Reached skill level 16 in Axes
  6506 | Bailey   | Noticed an orc warlord
  6520 | Bailey   | Slain by an orc warlord

Illustrated notes

Levels and vault maps discovered:
D:1:      spicycebolla_arrival_xxxplode, layout_basic, serial_forest,
          infiniplex_forest_end_1, infiniplex_forest_straight_4,
          infiniplex_forest_straight_2, infiniplex_forest_clump_cross,
          infiniplex_forest_end_2, infiniplex_forest_corner_1,
          infiniplex_forest_lined_corner, infiniplex_forest_end_2,
          shapermc_ecumenical_altar_pompeii, minmay_tetromino_o2
D:2:      layout_loops_corners, serial_shops, shop, nicolae_shop_waterfront,
          nicolae_square_shop, uniq_robin, uniq_jessica
D:3:      layout_loops_ring, serial_glass, glass_columns_b, glass_columns_b,
          glass_columns_b, glass_columns_c, glass_columns_a, glass_columns_a
D:4:      layout_basic
D:5:      layout_loops_ring, minmay_temple_entry_poolview, serial_shops,
          nicolae_shop_statue_plus, lightli_ossuary_entry_decrepit_ruins,
          kennysheep_donut, uniq_pikel
D:6:      layout_basic, mainiacjoe_overflow_catwalk
D:7:      kennysheep_seaside_town, layout_loops_corners, serial_shops, shop,
          enter_bailey_2, uniq_prince_ribbit1
Temple:   dpeg_three_leaves_temple
Bailey:   bailey_axe_minmay_hex_keep, bailey

Skill      XL: |  1  2  3  4  5  6  7  8  9 |
---------------+----------------------------+-----
Axes           | 3 5 6 7 10 11 14 16 | 16.3
Fighting       | |  3.7
Armour         | |  3.7
Shields        | |  3.7

Action                     |  1- 3 |  4- 6 |  7- 9 || total
---------------------------+-------+-------+-------++-------
  Melee: War axe           |    84 |   117 |   203 ||   404
         Headbutt          |    11 |    17 |    34 ||    62
         Broad axe         |       |       |    44 ||    44
 Invoke: Heroism           |       |       |     1 ||     1
    Use: Potion            |       |       |     3 ||     3
   Stab: Distracted        |       |       |     1 ||     1
 Armour: Scale mail        |    75 |     7 |       ||    82
         Chain mail        |       |    72 |   148 ||   220
  Dodge: Dodged            |    43 |    38 |    63 ||   144
  Block: Buckler           |    14 |    21 |    37 ||    72

Table legend: (Time is in decaauts)
 A = Elapsed time spent in this place.
 B = Non-inter-level travel time spent in this place.
 C = Inter-level travel time spent in this place.
 D = Time resting spent in this place.
 E = Time spent auto-exploring this place.
 F = Levels seen in this place.
 G = Mean time per level.
                   A        B        C        D        E       F      G
               +--------+--------+--------+--------+--------+-----+--------+
         Total |   6542 |   6542 |      0 |   1051 |   1670 |  10 |  654.2 |
       Dungeon |   5811 |   5811 |      0 |    786 |   1670 |   7 |  830.1 |
        Temple |     15 |     15 |      0 |      0 |      0 |   1 |   15.0 |
       Ossuary |    325 |    325 |      0 |     71 |      0 |   1 |  325.0 |
        Bailey |    389 |    389 |      0 |    194 |      0 |   1 |  389.0 |
               +--------+--------+--------+--------+--------+-----+--------+

Top non-repeatable levels by time:
     D:2: 1068 daAuts
     D:5: 1029 daAuts
     D:4: 926 daAuts
     D:6: 918 daAuts
     D:3: 828 daAuts
     D:1: 544 daAuts
     D:7: 495 daAuts
  Bailey: 389 daAuts
 Ossuary: 325 daAuts
  Temple: 15 daAuts
